 Dungeon Crawl Stone Soup version 0.29-a0-2-g12fcac58f8 (webtiles) character file.

Game seed: 17716082426712476221

31 dolemite99 the Conjurer (level 3, -3/24 HPs)
             Began as a Demonspawn Fire Elementalist on Jan 27, 2022.
             Was a Follower of Makhleb.
             Slain by a worm (8 damage)
             ... on level 2 of the Dungeon.
             The game lasted 00:02:03 (1959 turns).

dolemite99 the Conjurer (DsFE)                      Turns: 1959, Time: 00:02:04

Health: -3/24      AC:  2    Str:  8    XL:     3   Next: 7%
Magic:  2/6        EV: 12    Int: 18    God:    Makhleb [*.....]
Gold:   71         SH:  0    Dex: 13    Spells: 5/6 levels left

rFire   . . .      SeeInvis .   f - +0 hand axe
rCold   . . .      Faith    .   (no shield)
rNeg    . . .      Spirit   .   a - +0 robe
rPois   .          Reflect  .   (no helmet)
rElec   .          Harm     .   (no cloak)
rCorr   .          Rampage  .   (no gloves)
Will    .....                   (no boots)
Stlth   ++........              (no amulet)
HPRegen 0.08/turn               (no ring)
MPRegen 0.10/turn               (no ring)

@: no status effects
A: foul stench 1, weakness stinger 1
a: Renounce Religion


You were on level 2 of the Dungeon.
You worshipped Makhleb.
Makhleb was aware of your devotion.
You visited 1 branch of the dungeon, and saw 2 of its levels.

You collected 71 gold pieces.

Inventory:

Hand Weapons
 b - a +0 club
 f - a +0 hand axe (weapon)
 g - a +0 hunting sling
 h - a +0 whip of holy wrath
Missiles
 c - 8 stones
 j - 4 silver boomerangs (quivered)
 k - 24 bolts
Armour
 a - a +0 robe (worn)
Scrolls
 d - a scroll of enchant armour {unknown}
 e - 2 scrolls of enchant weapon {unknown}
Potions
 i - a potion of ambrosia {unknown}


   Skills:
 - Level 1.7 Dodging
 - Level 1.7 Stealth
 - Level 2.0 Spellcasting
 + Level 3.1 Conjurations
 - Level 2.6 Fire Magic


You had 5 spell levels left.
You knew the following spells:

 Your Spells              Type           Power      Damage    Failure   Level
a - Foxfire               Conj/Fire      48%        2x1d6     5%          1

Your spell library contained the following spells:

 Spells                   Type           Power      Damage    Failure   Level
 Scorch                   Fire           22%        2d6       9%          2
 Conjure Flame            Conj/Fire      12%        6-21      17%         3
 Inner Flame              Hex/Fire       6%         N/A       30%         3
 Flame Wave               Conj/Fire      12%        2d6       50%         4


Dungeon Overview and Level Annotations

Branches:
Dungeon (2/15)

Altars:
Makhleb


Innate Abilities, Weirdness & Mutations

You may rarely emit foul miasma when damaged in melee.
You have a small tail.


Message History

The foxfire hits the goblin.
You kill the goblin!
Makhleb accepts your kill.
Your foxfire dissipates!
Things that are here:
a +0 dagger; a goblin corpse You open the door.
A worm comes into view.
A bat comes into view.
There is an open door here.
Casting: Foxfire (safe; 5% risk of failure)
Confirm with . or Enter, or press ? or * to list all spells.
You conjure some foxfire!
The worm misses you.
The foxfire hits the worm.
The worm is lightly wounded.
The foxfire hits the worm.
The worm is lightly wounded.
The worm bites you.
Casting: Foxfire (safe; 5% risk of failure)
Confirm with . or Enter, or press ? or * to list all spells.
You conjure some foxfire!
The foxfire hits the bat.
The bat is severely wounded.
The bat closely misses you.
The foxfire hits the worm.
The worm is moderately wounded.
The bat hits you but does no damage. The worm bites you!
Casting: Foxfire (safe; 5% risk of failure)
Confirm with . or Enter, or press ? or * to list all spells.
You conjure some foxfire!
The bat barely misses you.
The foxfire hits the worm.
The worm is moderately wounded.
The foxfire hits the worm.
The worm is heavily wounded.
The worm bites you!
* * * LOW HITPOINT WARNING * * *
The bat hits you but does no damage.
Casting: Foxfire (safe; 5% risk of failure)
Confirm with . or Enter, or press ? or * to list all spells.
You conjure some foxfire!
The bat barely misses you. The worm bites you!
You die...

#.##.##.# #.#
#.##.##.# #+##
#.##.##.# #...##
#.##.##.# ##.....##
#.......# ##.......#
####....####.........
............'...b.....
#####....####.w.......
#.#.## ##@v.....#
#.### ##v....## #.#
#...## #. #+##


You could see a worm (ally target) and a bat (ally target).

Vanquished Creatures
  A ball python (D:1)
  4 bats (D:1)
  4 endoplasms
  A giant cockroach (D:1)
  2 goblins
  3 hobgoblins
  6 kobolds (D:1)
  A quokka (D:1)
  4 frilled lizards (D:1)
  A rat (D:1)
27 creatures vanquished.

Vanquished Creatures (others)
  62 foxfires
62 creatures vanquished.

Grand Total: 89 creatures vanquished

Notes
Turn   | Place    | Note
-------+----------+-------------------------------------------
     0 | D:1      | dolemite99 the Demonspawn Fire Elementalist began the quest
                  | for the Orb.
     0 | D:1      | Reached XP level 1. HP: 13/13 MP: 3/3
   625 | D:1      | Reached skill level 2 in Conjurations
   630 | D:1      | Gained mutation: You have a small tail. [demonic ancestry]
   630 | D:1      | Reached XP level 2. HP: 19/19 MP: 1/5
  1376 | D:1      | Found a faded altar of an unknown god.
  1382 | D:1      | Prayed at the altar of an unknown god.
  1382 | D:1      | Became a worshipper of Makhleb the Destroyer
  1382 | D:1      | Reached * piety under Makhleb
  1519 | D:1      | Reached skill level 3 in Conjurations
  1713 | D:2      | Gained mutation: You may rarely emit foul miasma when
                  | damaged in melee. [demonic ancestry]
  1713 | D:2      | Reached XP level 3. HP: 24/24 MP: 3/6
  1959 | D:2      | Slain by a worm

Illustrated notes

Levels and vault maps discovered:
D:1:      lightli_molten_gateway, layout_basic,
          hellmonk_ecumenical_altar_leap_of_faith, minmay_pentomino_p2
D:2:      layout_loops_corners, serial_rivers, chequers_serial_rivers_marsh,
          chequers_serial_rivers_small_a, chequers_serial_rivers_micro_a,
          chequers_serial_rivers_room_a, roderic_lattice_a

Skill      XL: |  1  2 |
---------------+-------+-----
Conjurations   | 2 3 |  3.1
Dodging        | |  1.7
Stealth        | |  1.7
Spellcasting   | |  2.0
Fire Magic     | |  2.6

Action                   || total
-------------------------++-------
Melee: Club              ||     1
       Hand axe          ||     8
 Cast: Foxfire           ||    35
Armor: Robe              ||    11
Dodge: Dodged            ||    39

Table legend: (Time is in decaauts)
 A = Elapsed time spent in this place.
 B = Non-inter-level travel time spent in this place.
 C = Inter-level travel time spent in this place.
 D = Time resting spent in this place.
 E = Time spent auto-exploring this place.
 F = Levels seen in this place.
 G = Mean time per level.
                   A        B        C        D        E       F      G
               +--------+--------+--------+--------+--------+-----+--------+
         Total |   1960 |   1911 |     49 |    705 |    905 |   2 |  980.0 |
       Dungeon |   1960 |   1911 |     49 |    705 |    905 |   2 |  980.0 |
               +--------+--------+--------+--------+--------+-----+--------+

Top non-repeatable levels by time:
     D:1: 1693 daAuts
     D:2: 266 daAuts
